 Dungeon Crawl Stone Soup version 0.31-a0-771-g505c3d19dc (webtiles) character file.

Game seed: 8243875457506578215

154 thriggle the Sneak (level 5, 0/3 HPs)
             Began as an Octopode Enchanter on Sept 17, 2023.
             Succumbed to a kobold brigand's poison
             ... in a sewer.
             The game lasted 00:07:19 (1522 turns).

thriggle the Sneak (Octopode Enchanter)             Turns: 1522, Time: 00:07:19

Health: 0/3        AC:  1    Str: 14    XL:     5   Next: 35%
Magic:  8/9        EV: 13    Int: 19    God:
Gold:   110        SH:  0    Dex: 12    Spells: 6/9 levels left

rFire   . . .        a - +2 dagger
rCold   . . .        (no shield)
rNeg    . . .        (helmet restricted)
rPois   .            (no amulet)
rElec   .            i - +6 ring of strength
rCorr   .            (no ring)
SInv    .            (no ring)
Will    .....        (no ring)
Stlth   +++++        (no ring)
HPRegen 0.20/turn    (no ring)
MPRegen 0.11/turn    (no ring)
                     (no ring)

%: no passive effects
@: lethally poisoned (0 -> -2), maw-form
A: devouring maw, reduced hp, almost no armour, amphibious, 8 rings, camouflage
1, gelatinous body 1, nimble swimmer 1, tentacles
a: Begin Untransformation


You were in a sewer.
You were a creature with a mouth for a stomach.
You visited 1 branch of the dungeon, and saw 3 of its levels.
You also visited: Sewer.

You collected 110 gold pieces.

Inventory:

Hand Weapons
 a - a +2 dagger (weapon)
 h - a +0 rapier
Armour
 f - a +0 buckler
Jewellery
 i - a +6 ring of strength (left tentacle)
Talismans
 d - a maw talisman (active)
Potions
 b - a potion of invisibility


   Skills:
 + Level 1.7 Fighting
 + Level 2.0 Short Blades
 + Level 2.7 Dodging
 + Level 4.8 Stealth
 + Level 2.7 Spellcasting
 + Level 3.5 Hexes
 + Level 0.8 Ice Magic


You had 6 spell levels left.
You knew the following spells:

 Your Spells              Type           Power      Damage    Failure   Level
a - Freeze                Ice            20%        1d4       12%         1
b - Ensorcelled Hibernat  Hex/Ice        20%        N/A       10%         2

Your spell library contained the following spells:

 Spells                   Type           Power      Damage    Failure   Level
 Confusing Touch          Hex            16%        N/A       11%         3
 Tukima's Dance           Hex            16%        N/A       11%         3
 Dazzling Flash           Conj/Hex       18%        N/A       22%         3
 Frozen Ramparts          Ice            10%        1d2       34%         3
 Hailstorm                Conj/Ice       4%         3d4       38%         3


Dungeon Overview and Level Annotations

Branches:
Dungeon (3/15)              Sewer (1/1)

Altars:

Shops:
D:2 *


Innate Abilities, Weirdness & Mutations

You are a creature with a mouth for a stomach.
Your midsection houses a second, enormous mouth.
Your maximum health is decreased, since you lack skill for your form.
You cannot wear most types of armour.
You are amphibious.
You can wear up to eight rings at the same time.
Your skin changes colour to match your surroundings (Stealth+).
Your rubbery body absorbs attacks. (AC +1, EV +1)
You are camouflaged when in or above water. (Stealth+)
You have tentacles for arms and can constrict up to eight enemies at once.


Message History

The kobold brigand shouts!
You feel sick.
Cast which spell? (? or * to list)
Aiming: Ensorcelled Hibernation (safe; 10% risk of failure)
Press: ? - help, Shift-Dir - straight line, f - kobold
Aim: a kobold, wielding a +0 dagger and quivering poisoned darts (chance to affect: 62%)
You miscast Ensorcelled Hibernation.
You are very lightly contaminated with residual magic.
Nothing appears to happen.
You feel sick. The kobold hits you with a +0 dagger.
You hit the kobold. Your grab misses the kobold. You squeeze the kobold.
You kill the kobold!
You feel sick.
You feel sick.
You feel sick.
The kobold brigand throws a poisoned dart.
The poisoned dart hits you!
You are lethally poisoned!
* * * LOW HITPOINT WARNING * * *
You feel very sick.
* * * LOW HITPOINT WARNING * * *
You feel sick.
Okay, then.
You aren't carrying any scrolls.
There is a lethal amount of poison in your body!
* * * LOW HITPOINT WARNING * * *
You feel sick.
Your magical contamination has completely faded away.
You begin transforming.
You continue transforming.
* * * LOW HITPOINT WARNING * * *
You feel sick.
You continue transforming.
* * * LOW HITPOINT WARNING * * *
You feel sick.
You continue transforming.
* * * LOW HITPOINT WARNING * * *
You feel sick.
You turn into a creature with a mouth for a stomach.
You feel sick.
You feel sick.
You die...

#.....).# #~.~~~~.#
#~~≈≈≈).# #~~≈≈≈~.#
#~~≈≈≈~~# #~~~≈~~.#
#~~~≈~~.#
#################~)~≈~~~#
~~~)~~~~~~~~~~~~W~~~≈K~.#
#################~~~≈~~.#
##.~≈~.## #.~≈~.# #~≈≈~.#
#.~≈~..∩ #.~≈~.###
#.~≈~.#


You could see a kobold brigand.

Vanquished Creatures
  A kobold brigand (Sewer)
  2 river rats (Sewer)
  2 worms
  A dart slug (D:2)
  2 bats (D:1)
  An endoplasm (D:1)
  2 giant cockroaches
  4 goblins (D:1)
  7 hobgoblins
  5 jackals
  8 kobolds
  4 quokkas
  2 ball pythons
  4 frilled lizards
  10 rats
55 creatures vanquished.

Vanquished Creatures (collateral kills)
  A giant cockroach (D:3)
  A spectral kobold (D:3)
2 creatures vanquished.

Grand Total: 57 creatures vanquished

Notes
Turn   | Place    | Note
-------+----------+-------------------------------------------
     0 | D:1      | thriggle the Octopode Enchanter began the quest for the
                  | Orb.
     0 | D:1      | Reached XP level 1. HP: 11/11 MP: 3/3
    95 | D:1      | Reached XP level 2. HP: 17/17 MP: 5/5
   569 | D:1      | Reached XP level 3. HP: 22/22 MP: 6/6
   635 | D:2      | Found Molimai's Assorted Antiques.
   941 | D:2      | Reached skill level 1 in Fighting
  1154 | D:3      | Found a glowing drain.
  1159 | Sewer    | Entered a sewer
  1165 | Sewer    | Reached XP level 4. HP: 22/28 MP: 7/7
  1174 | Sewer    | Learned a level 1 spell: Freeze
  1226 | Sewer    | Noticed a kobold brigand
  1232 | Sewer    | Noticed a kobold brigand
  1376 | Sewer    | Killed a kobold brigand
  1377 | Sewer    | Reached XP level 5. HP: 9/34 MP: 7/9
  1380 | Sewer    | Learned a level 2 spell: Ensorcelled Hibernation
  1522 | Sewer    | Succumbed to a kobold brigand's poison

Illustrated notes

Levels and vault maps discovered:
D:1:      sevenhm_arrival_forest_fort_small_3, layout_loops_cross
D:2:      layout_rooms, serial_shops, shop
D:3:      layout_loops_ring, grunt_qazlal_sundering, ebering_ghost_rock_garden,
          gup_sewer_entry_bowl, dreamdust_ecumenical_altar_drowned_temple,
          minmay_bisected
Sewer:    sewer_kobolds

Skill      XL: |  1  2  3  4 |
---------------+-------------+-----
Fighting       | 1 |  1.7
Short Blades   | 2 |  2.0
Dodging        | |  2.7
Stealth        | |  4.8
Spellcasting   | |  2.7
Hexes          | |  3.5
Ice Magic      | |  0.8

Action                     |  1- 3 |  4- 6 || total
---------------------------+-------+-------++-------
  Melee: Dagger            |    80 |    32 ||   112
         Constrict         |    17 |     9 ||    26
         Tentacles         |    11 |    13 ||    24
         Punch             |     3 |       ||     3
    Use: Scroll            |     5 |       ||     5
         Potion            |       |     3 ||     3
   Stab: Sleeping          |    14 |     3 ||    17
 Armour: Skin              |    31 |    12 ||    43
  Dodge: Dodged            |    43 |    18 ||    61
   Form: Maw               |       |     1 ||     1

Table legend: (Time is in decaauts)
 A = Elapsed time spent in this place.
 B = Non-inter-level travel time spent in this place.
 C = Inter-level travel time spent in this place.
 D = Time resting spent in this place.
 E = Time spent auto-exploring this place.
 F = Levels seen in this place.
 G = Mean time per level.
                   A        B        C        D        E       F      G
               +--------+--------+--------+--------+--------+-----+--------+
         Total |   1527 |   1486 |     41 |    129 |    716 |   4 |  381.8 |
       Dungeon |   1152 |   1111 |     41 |      0 |    716 |   3 |  384.0 |
         Sewer |    374 |    374 |      0 |    129 |      0 |   1 |  374.0 |
               +--------+--------+--------+--------+--------+-----+--------+

Top non-repeatable levels by time:
     D:1: 632 daAuts
     D:2: 448 daAuts
   Sewer: 374 daAuts
     D:3: 71 daAuts
